 Dungeon Crawl Stone Soup version 0.30-b1-2-g02819fbbbe (webtiles) character file.

Game seed: 12991437126454758617

72 Gartch the Chopper (level 4, -6/40 HPs)
             Began as a Minotaur Berserker on Dec 8, 2023.
             Was a Follower of Trog.
             Killed from afar by an orc wizard (10 damage)
             ... with a magic dart
             ... on level 3 of the Dungeon.
             The game lasted 00:05:33 (1567 turns).

Gartch the Chopper (Minotaur Berserker)             Turns: 1567, Time: 00:05:33

Health: -6/40      AC:  2    Str: 24    XL:     4   Next: 7%
Magic:  3/3        EV: 12    Int:  4    God:    Trog [*.....]
Gold:   90         SH:  0    Dex:  9    Spells: 3/3 levels left

rFire   . . .        a - +0 hand axe
rCold   . . .        (no shield)
rNeg    . . .        b - +0 animal skin
rPois   .            (helmet restricted)
rElec   .            (no cloak)
rCorr   .            (no gloves)
SInv    .            (no boots)
Will    .....        (no amulet)
Stlth   +            (no ring)
HPRegen 0.26/turn    (no ring)
MPRegen 0.08/turn

%: no passive effects
@: on berserk cooldown, slowed, very slow
A: horns 2, retaliatory headbutt
a: Renounce Religion, Berserk


You were on level 3 of the Dungeon.
You worshipped Trog.
Trog was aware of your devotion.
You visited 1 branch of the dungeon, and saw 4 of its levels.

You collected 90 gold pieces.

Inventory:

Hand Weapons
 a - a +0 hand axe (weapon)
Armour
 b - a +0 animal skin (worn)
Jewellery
 f - a ring of fire
Potions
 c - 2 potions of cancellation {unknown}
 d - 3 potions of curing {unknown}
 e - a potion of haste {unknown}


   Skills:
 + Level 4.3 Fighting
 * Level 5.0 Axes
 - Level 2.4 Armour
 + Level 3.0 Dodging


You had 3 spell levels left.
You didn't know any spells.
Your spell library was empty.

Dungeon Overview and Level Annotations

Branches:
Dungeon (4/15)
 Temple: D:4-7

Altars:


Innate Abilities, Weirdness & Mutations

You have a pair of horns on your head.
You reflexively headbutt those who attack you in melee.


Message History

The magic dart hits you!
* * * LOW HITPOINT WARNING * * *
A red film seems to cover your vision as you go berserk!
You feel yourself moving faster!
You feel mighty!
You miss something. Your headbutt misses something.
You hear some strange, mumbled words.
You are confused.
You're too confused to move!
Something hits you but does no damage.
You closely miss something. You barely miss something.
You hear some strange, mumbled words.
Something tries to affect you, but you resist.
You bump into the rock wall.
Something hits you.
* * * LOW HITPOINT WARNING * * *
You closely miss something.
You bump into the rock wall.
Something hits you.
* * * LOW HITPOINT WARNING * * *
You bump into the rock wall.
You feel a strong urge to attack something.
Something hits you but does no damage.
You're too confused to move!
You are no longer berserk.
You are exhausted.
You feel yourself slow down. Something completely misses you.
You hit something but do no damage.
You feel less confused. Something hits you.
* * * LOW HITPOINT WARNING * * *
You miss something. You headbutt something.
An orc wizard appears from thin air!
Reactivating autopickup.
The orc wizard hits you but does no damage.
The orc wizard points at you and mumbles some strange words.
The magic dart hits you.
* * * LOW HITPOINT WARNING * * *
You barely miss the orc wizard.
The orc wizard is almost dead.
The orc wizard points at you and mumbles some strange words.
The magic dart hits you!
You die...

.. #K #..#### #....###
####...### #........##
#......#..###
#......##ro.##
#......####@.##
#......# ##..##
#......# ##..###
#......#######...###..#
######.........)>....#
#.###.###########


You could see an orc wizard and a quokka.

Vanquished Creatures
  A howler monkey (D:4)
  A dart slug (D:2)
  7 ball pythons
  4 endoplasms
  A giant cockroach (D:1)
  3 goblins
  A hobgoblin (D:1)
  3 quokkas (D:1)
  4 bats
  2 frilled lizards (D:1)
  2 kobolds (D:1)
  5 rats (D:1)
34 creatures vanquished.

Notes
Turn   | Place    | Note
-------+----------+-------------------------------------------
     0 | D:1      | Gartch the Minotaur Berserker began the quest for the Orb.
     0 | D:1      | Reached XP level 1. HP: 19/19 MP: 0/0
   300 | D:1      | Reached skill level 4 in Axes
   303 | D:1      | Reached XP level 2. HP: 27/27 MP: 1/1
  1282 | D:1      | Reached XP level 3. HP: 33/33 MP: 2/2
  1342 | D:2      | You fall into a shaft and drop 2 floors!
  1421 | D:4      | Reached XP level 4. HP: 40/40 MP: 3/3
  1456 | D:4      | Reached skill level 5 in Axes
  1567 | D:3      | Killed from afar by an orc wizard

Illustrated notes

Levels and vault maps discovered:
D:1:      wander_arrival_abandoned_jail, layout_loops_ring,
          serial_co_window_serial, co_window_paths_b, co_window_paths_b,
          co_window_corner_a, co_window_paths_b, co_window_corner_a,
          co_window_corner_b, co_window_of_opportunity_b, co_window_2corner,
          glass_columns_c, glass_columns_a, glass_columns_a, glass_columns_a,
          minmay_pentomino_w4
D:2:      layout_loops_cross, basic_altar
D:3:      layout_basic, ebering_ecumenical_altar_hall, uniq_terence,
          uniq_jessica
D:4:      layout_basic

Skill      XL: |  1  2  3  4 |
---------------+-------------+-----
Axes           | 4 5 |  5.0
Fighting       | 4 |  4.3
Dodging        | 3 |  3.0
Armour         | |  2.4

Action                     |  1- 3 |  4- 6 || total
---------------------------+-------+-------++-------
  Melee: Hand axe          |    68 |    27 ||    95
         Headbutt          |     6 |     3 ||     9
         Punch             |     1 |       ||     1
 Invoke: Berserk           |     2 |     1 ||     3
 Armour: Animal skin       |    12 |     6 ||    18
  Dodge: Dodged            |    38 |     7 ||    45
